 Dungeon Crawl Stone Soup version 0.30-a0-29-g142975f185 (webtiles) character file.

Game seed: 10483626200165410338

189 Shayle the Vexing (level 5, 0/37 HPs)
             Began as a Vampire Enchanter on Aug 26, 2022.
             Was a Priest of Makhleb.
             Splashed by a jelly's acid (8 damage)
             ... on level 4 of the Dungeon.
             The game lasted 00:11:17 (3542 turns).

Shayle the Vexing (Vampire Enchanter)               Turns: 3542, Time: 00:11:18

Health: 0/37       AC:  0    Str:  9    XL:     5   Next: 40%
Magic:  8/8        EV: 13    Int: 18    God:    Makhleb [***...]
Gold:   134        SH:  0    Dex: 14    Spells: 7/9 levels left

rFire   . . .      SeeInvis +    a - +1 dagger
rCold   . . .      Faith    .    (no shield)
rNeg    . . .      Spirit   .    b - +0 robe
rPois   .          Reflect  .    (no helmet)
rElec   .          Harm     .    i - +0 cloak
rCorr   .          Rampage  .    (no gloves)
Will    +....                    v - +0 pair of boots
Stlth   +++.......               (no amulet)
HPRegen 0.32/turn                q - ring of willpower
MPRegen 0.11/turn                (no ring)

@: corroded, healing quickly
A: alive, fangs 3, see invisible, vampiric 2
a: Exsanguinate, Renounce Religion, Minor Destruction, Lesser Servant of Makhleb


You were on level 4 of the Dungeon.
You worshipped Makhleb.
Makhleb was most pleased with you.
You visited 1 branch of the dungeon, and saw 4 of its levels.

You collected 134 gold pieces.

Inventory:

Hand Weapons
 a - a +1 dagger (weapon)
 d - a +1 whip of venom
 y - a +1 short sword of draining
Armour
 b - a +0 robe (worn)
 i - a +0 cloak (worn)
 v - a +0 pair of boots (worn)
Jewellery
 l - an amulet of faith
 q - a ring of willpower (left hand)
 r - an amulet of regeneration
 B - a ring of resist corrosion
Wands
 x - a wand of mindburst (4)
Scrolls
 g - 4 scrolls of identify {unknown}
 j - a scroll of enchant weapon {unknown}
 k - 3 scrolls of amnesia {unknown}
 m - a scroll of fear {unknown}
 n - 2 scrolls of blinking {unknown}
 p - a scroll of brand weapon {unknown}
 s - a scroll of teleportation {unknown}
 t - a scroll of summoning {unknown}
 u - a scroll of poison {unknown}
 w - 2 scrolls of vulnerability {unknown}
 A - a scroll of butterflies {unknown}
Potions
 c - 5 potions of invisibility
 e - 2 potions of heal wounds {unknown}
 f - a potion of ambrosia {unknown}
 h - a potion of degeneration {unknown}
 o - a potion of haste {unknown}
 z - a potion of lignification {unknown}


   Skills:
 + Level 1.3 Fighting
 - Level 1.2 Short Blades
 + Level 3.1 Dodging
 + Level 5.2 Stealth
 + Level 2.6 Spellcasting
 + Level 5.2 Hexes
 * Level 2.4 Invocations


You had 7 spell levels left.
You knew the following spells:

 Your Spells              Type           Power      Damage    Failure   Level
a - Ensorcelled Hibernat  Hex/Ice        22%        N/A       9%          2

Your spell library contained the following spells:

 Spells                   Type           Power      Damage    Failure   Level
 Confusing Touch          Hex            21%        N/A       6%          3
 Tukima's Dance           Hex            21%        N/A       6%          3
 Shock                    Conj/Air       8%         1d3       17%         1
 Dazzling Flash           Conj/Hex       22%        N/A       17%         3
 Swiftness                Air            2%         N/A       45%         3
 Airstrike                Air            1%         2d(1-17)  86%         4
 Conjure Ball Lightning   Conj/Air       1%         3x3d6     100%        6
 Discord                  Hex            10%        N/A       100%        8
 Disjunction              Tloc           1%         N/A       100%        8
 Chain Lightning          Conj/Air       1%         3d1       100%        9
 Fire Storm               Conj/Fire      1%         7d1       100%        9
 Shatter                  Erth           1%         3d5*      100%        9


Dungeon Overview and Level Annotations

Branches:
Dungeon (4/15)
 Temple: D:4-7

Altars:
Fedhas
Makhleb


Innate Abilities, Weirdness & Mutations

Your natural rate of healing is accelerated.
You have razor-sharp teeth.
You have supernaturally acute eyesight. (SInv)
You are afflicted with vampirism and can become a bat while bloodless.


Message History

Confirm with . or Enter, or press ? or * to list all spells.
Aiming: Ensorcelled Hibernation (safe; 10% risk of failure)
Press: ? - help, Shift-Dir - straight line, f/p - scorpion
Aim: a scorpion (chance to affect: 44%)
The scorpion resists with some effort.
The scorpion stings you. The scorpion barely misses you.
Casting: Ensorcelled Hibernation (safe; 10% risk of failure)
Confirm with . or Enter, or press ? or * to list all spells.
Aiming: Ensorcelled Hibernation (safe; 10% risk of failure)
Press: ? - help, Shift-Dir - straight line, f/p - scorpion
Aim: a scorpion (chance to affect: 44%)
The scorpion looks drowsy...
The helpless scorpion fails to defend itself.
You impale the scorpion!!
You kill the scorpion!
Makhleb accepts your kill.
You feel better.
You have reached level 5!
You feel clever.
You see here a scorpion corpse.
A jelly comes into view.
The jelly quivers.
You completely miss the jelly. The jelly hits you.
You are splashed with acid!
You hit the jelly.
Your hands burn!
The jelly is lightly wounded.
The jelly hits you but does no damage.
You hit the jelly.
Your hands burn!
You bite the jelly.
The jelly is moderately wounded.
The jelly misses you.
You hit the jelly but do no damage. The acid corrodes you!
Your hands burn!
You bite the jelly, but do no damage.
The jelly is moderately wounded.
The jelly hits you.
You are splashed with acid!
* * * LOW HITPOINT WARNING * * *
You barely miss the jelly.
The jelly is moderately wounded.
The jelly hits you.
* * * LOW HITPOINT WARNING * * *
You are splashed with acid!
You die...

#.........##..###...###..
##.............##..### ..
#.....####.........# #.
#..#..#####........# .
#.. ##...####..###..# .
... #.........# ##.# . ##
#.†.......# ##.#
##.##.###.# ...
#.##@.##.# g..#
#.##J.##.# ..##
..##..##.. ..##...
#..###..# .### #.. #.# .#


You could see a jelly.

Vanquished Creatures
  A scorpion (D:4)
  3 adders
  A worm (D:3)
  2 dart slugs
  7 orcs (D:3)
  16 ball pythons
  9 endoplasms
  2 giant cockroaches
  4 hobgoblins
  5 jackals (D:1)
  3 quokkas
  5 bats
  4 frilled lizards
  2 goblins (D:1)
  11 kobolds
  8 rats
83 creatures vanquished.

Notes
Turn   | Place    | Note
-------+----------+-------------------------------------------
     0 | D:1      | Shayle the Vampire Enchanter began the quest for the Orb.
     0 | D:1      | Reached XP level 1. HP: 13/13 MP: 3/3
    93 | D:1      | Found a faded altar of an unknown god.
   102 | D:1      | Prayed at the altar of an unknown god.
   102 | D:1      | Became a worshipper of Makhleb the Destroyer
   102 | D:1      | Reached * piety under Makhleb
   213 | D:1      | Reached XP level 2. HP: 20/20 MP: 5/5
   433 | D:1      | Learned a level 2 spell: Ensorcelled Hibernation
   449 | D:1      | Reached skill level 1 in Invocations
   585 | D:1      | Gained mutation: You are afflicted with vampirism and can
                  | become a bat while bloodless. [Vampire growth]
   585 | D:1      | Reached XP level 3. HP: 22/25 MP: 6/6
   699 | D:1      | Reached ** piety under Makhleb
  1694 | D:2      | Reached XP level 4. HP: 27/31 MP: 4/7
  2343 | D:3      | Reached skill level 5 in Stealth
  2502 | D:3      | Reached skill level 1 in Fighting
  2780 | D:3      | Found a blossoming altar of Fedhas.
  2917 | D:3      | Reached skill level 5 in Hexes
  3385 | D:4      | Reached *** piety under Makhleb
  3466 | D:4      | Noticed a scorpion
  3473 | D:4      | Killed a scorpion
  3474 | D:4      | Reached XP level 5. HP: 36/37 MP: 1/8
  3542 | D:4      | Splashed by a jelly's acid

Illustrated notes

Levels and vault maps discovered:
D:1:      psy_arrival_terrarium, layout_loops_ring,
          hellmonk_ecumenical_altar_prayer_group, minmay_misc_feat_tower,
          kennysheep_minor_cross, fountainhead, minmay_shallow_snake_nest
D:2:      minmay_kobold_bridge, layout_basic, dk_noncrumbling_3
D:3:      layout_basic, general_overflow_altar
D:4:      layout_layer_cave, amcnicky_altar_gilded

Skill      XL: |  1  2  3  4 |
---------------+-------------+-----
Invocations    | 1 2 |  2.4
Stealth        | 5 |  5.2
Fighting       | 1 |  1.3
Hexes          | 5 |  5.2
Dodging        | 3 |  3.1
Short Blades   | |  1.2
Spellcasting   | |  2.6

Action                   |  1- 3 |  4- 6 || total
-------------------------+-------+-------++-------
Melee: Dagger            |   143 |   112 ||   255
       Bite              |    11 |    11 ||    22
 Cast: Ensorcelled Hiber |     7 |    20 ||    27
 Stab: Sleeping          |    17 |    13 ||    30
Armor: Robe              |    34 |    14 ||    48
Dodge: Dodged            |    98 |    56 ||   154

Table legend: (Time is in decaauts)
 A = Elapsed time spent in this place.
 B = Non-inter-level travel time spent in this place.
 C = Inter-level travel time spent in this place.
 D = Time resting spent in this place.
 E = Time spent auto-exploring this place.
 F = Levels seen in this place.
 G = Mean time per level.
                   A        B        C        D        E       F      G
               +--------+--------+--------+--------+--------+-----+--------+
         Total |   3525 |   3431 |     94 |    430 |   2180 |   4 |  881.2 |
       Dungeon |   3525 |   3431 |     94 |    430 |   2180 |   4 |  881.2 |
               +--------+--------+--------+--------+--------+-----+--------+

Top non-repeatable levels by time:
     D:1: 1126 daAuts
     D:2: 1036 daAuts
     D:3: 1017 daAuts
     D:4: 344 daAuts
